Icehogs vs Reign
Created - March 28, 2023 at 19:17
Goals
|
Icehogs |
0 |
1 |
2 |
1 |
4 |
Reign |
2 |
0 |
1 |
0 |
3 |
|
Shots
|
Icehogs |
17 |
12 |
3 |
1 |
33 |
Reign |
12 |
10 |
3 |
0 |
25 |
|
1st period
1. Reign , Jack Roslovic 37 (Mathew Barzal 32) at 10:52
2. Reign , Jack Roslovic 38 (Ryan Lomberg 18, Mathew Barzal 33) at 11:06
Penalties :
Tanner Richard (Roc) for Interference (Minor) at 4:17, Ryan Lomberg (Ont) for Hooking (Minor) at 8:39, Michael Anderson (Ont) for High sticking (Minor) at 11:57
2nd period
3. Icehogs , Mikhail Grigorenko 22 (Michael Chaput 17, Tanner Richard 27) at 19:45
Penalties :
Nikita Scherbak (Roc) for Holding (Minor) at 9:04
3rd period
4. Icehogs , Stefan Matteau 1 (J.T. Brown 24, Frederik Gauthier 57) at 3:38 (PP)
5. Icehogs , Stefan Matteau 2 (Frederik Gauthier 58, J.T. Brown 25) at 9:46
6. Reign , Ryan Lomberg 25 (Mathew Barzal 34, Jack Roslovic 52) at 12:30
Penalties :
Robert Thomas (Ont) for Holding (Minor) at 2:58, Mike Reilly (Roc) for Tripping (Minor) at 4:00, Stefan Matteau (Roc) for Hooking (Minor) at 13:02, Calle Andersson (Roc) for Tripping (Minor) at 15:20
Overtime #1
7. Icehogs , Frederik Gauthier 33 (Stefan Matteau 1) at 0:10
Penalties :
No Penalty
Goalie Stats
Mark Visentin (Roc), 22 saves from 25 shots - (0.880), W, 28-14-7, 60:10 minutes
Eric Comrie (Ont), 29 saves from 33 shots - (0.879), OTL, 20-11-2, 60:10 minutes
Players Stats for Icehogs
Player Name G A P +/- PIM S H SB GA TA FO MP PP MP PK MP
------------------------------------------------------------------------------------
Andrew Mangiapane 0 0 0 0 0 3 1 0 0 0 1/1 15:30 1:32 1:38
Andrew Poturalski 0 0 0 0 0 0 1 0 0 0 0/0 3:12 0:00 2:49
Calle Andersson 0 0 0 -1 2 0 0 2 0 0 0/0 11:57 0:00 1:25
Dillon Dube 0 0 0 -1 0 1 0 0 0 1 1/2 6:24 0:00 0:00
Frederik Gauthier 1 2 3 1 0 4 1 0 0 0 21/32 23:14 3:06 4:46
Hudson Fasching 0 0 0 0 0 4 1 0 0 0 0/0 13:26 1:32 0:00
J.T. Brown 0 2 2 0 0 4 0 1 0 2 1/3 20:47 3:06 2:32
Jeremy Davies 0 0 0 -1 0 0 0 0 0 0 0/0 10:24 0:00 0:00
JJ. Piccinich 0 0 0 0 0 0 0 0 0 0 0/0 0:00 0:00 0:00
Julius Honka 0 0 0 2 0 1 0 0 1 0 0/0 21:17 1:47 4:00
Mattias Janmark 0 0 0 0 0 0 0 0 0 0 0/0 0:58 0:00 0:37
Michael Chaput 0 1 1 0 0 0 2 0 0 0 2/5 12:46 0:00 1:27
Mike Reilly 0 0 0 -1 2 3 1 1 1 0 0/0 27:03 2:51 4:30
Mikhail Grigorenko 1 0 1 0 0 4 0 0 0 0 0/0 10:58 0:00 0:00
Myles Bell 0 0 0 0 0 0 0 0 0 0 0/0 0:47 0:00 0:00
Nick Mattson 0 0 0 -1 0 1 1 0 0 3 0/0 28:29 2:51 5:55
Nick Paul 0 0 0 -1 0 0 0 0 0 0 0/0 6:23 0:00 0:00
Nikita Scherbak 0 0 0 0 2 0 0 0 0 0 0/0 11:03 0:00 0:00
Patrick Russell 0 0 0 -1 0 0 0 0 0 0 0/0 6:24 0:00 0:00
Patrick Sieloff 0 0 0 2 0 1 1 1 1 0 0/0 21:17 1:47 4:00
Stefan Matteau 2 1 3 1 2 5 2 0 0 1 0/3 22:47 3:06 4:04
Tanner Richard 0 1 1 0 2 2 2 0 0 0 9/14 15:33 1:32 1:57
Players Stats for Reign
Player Name G A P +/- PIM S H SB GA TA FO MP PP MP PK MP
------------------------------------------------------------------------------------
Adam Gaudette 0 0 0 0 0 4 0 0 1 1 0/0 15:49 5:03 0:00
Caleb Jones 0 0 0 0 0 0 0 0 0 0 0/0 6:43 0:24 0:00
Charlie McAvoy 0 0 0 0 0 0 0 2 0 1 0/0 16:50 4:18 0:00
Darroll Powe 0 0 0 -1 0 3 2 0 0 0 11/23 14:51 0:07 3:16
Henri Jokiharju 0 0 0 0 0 0 0 1 0 0 0/0 7:51 0:00 1:13
Jack Roslovic 2 1 3 1 0 3 4 1 2 0 6/21 18:47 4:20 0:38
Jason Robertson 0 0 0 -1 0 2 1 0 0 0 0/0 15:59 4:52 0:00
Joel Eriksson Ek 0 0 0 0 0 1 1 2 0 0 3/6 13:11 0:00 1:07
Jordan Greenway 0 0 0 0 0 2 4 0 0 0 0/0 13:10 0:50 0:16
Josh Anderson 0 0 0 0 0 0 2 0 0 0 0/0 13:17 0:43 3:15
Mathew Barzal 0 3 3 1 0 1 0 0 0 0 2/2 17:55 4:20 0:00
Michael Anderson 0 0 0 1 2 0 0 1 0 0 0/0 17:54 4:18 0:00
Nick Suzuki 0 0 0 0 0 3 1 0 2 0 2/6 12:43 4:38 0:15
Nicolas Hague 0 0 0 1 0 1 2 0 0 0 0/0 16:22 0:00 3:25
Nikita Tryamkin 0 0 0 -1 0 0 1 2 0 0 0/0 20:36 5:37 1:13
Oskar Steen 0 0 0 0 0 0 0 0 0 0 0/0 0:00 0:00 0:00
Robert Thomas 0 0 0 -1 2 0 1 0 1 0 0/0 16:18 4:38 0:00
Ryan Lomberg 1 1 2 2 2 2 0 0 1 0 0/1 14:34 0:14 0:29
Thomas Chabot 0 0 0 -1 0 2 0 0 0 0 0/0 18:43 5:13 0:00
Vladimir Tkachev 0 0 0 0 0 1 1 0 0 1 1/1 9:01 0:00 0:00
Vladislav Gavrikov 0 0 0 0 0 0 1 0 0 0 0/0 15:25 0:00 3:25
3 Stars
1 - Jack Roslovic (Ont)
2 - Stefan Matteau (Roc)
3 - Frederik Gauthier (Roc)
Power Play
Icehogs - 1 on 2 Attempt(s) - 50.00%
Reign - 0 on 6 Attempt(s) - 0.00%
Penalty Kill
Icehogs - 6 on 6 Attempt(s) - 100.00%
- Score 0 goal in Penalty Kill
Reign - 1 on 2 Attempt(s) - 50.00%
- Score 0 goal in Penalty Kill
Team Stat
Icehogs - Hits : 13 - Faceoff Wins : 35 - Blocked Shots : 5 - Penalty Minutes : 10
Reign - Hits : 21 - Faceoff Wins : 25 - Blocked Shots : 9 - Penalty Minutes : 6
Official
Referees : Ian Walsh and Brandon Blandina
Linesman : Pierre Racicot and Libor Suchanek
Game Notes
13:23 of 2nd period - Penalty Shot by Mike Reilly for Icehogs - Stopped by Eric Comrie
Finance
Level 1 -- Attendance: 1796 (89.80%) -- Ticket Income $62,860
Level 2 -- Attendance: 930 (93.00%) -- Ticket Income $13,950
Total Attendance: 2726 (90.87%)
Total Ticket Income: $76,810
Other Income: $3,840
Total Income: $80,650
Icehogs
5 vs 5 Forward
Center Left Wing Right Wing Time % Phy DF OF
1 Frederik Gauthier Stefan Matteau J.T. Brown 40 1 2 2
2 Tanner Richard Andrew Mangiapane Hudson Fasching 30 1 2 2
3 Michael Chaput Mikhail Grigorenko Nikita Scherbak 20 1 2 2
4 Dillon Dube Nick Paul Patrick Russell 10 1 2 2
5 vs 5 Defense
Defense Defense Time % Phy DF OF
1 Nick Mattson Mike Reilly 40 1 2 2
2 Julius Honka Patrick Sieloff 30 1 2 2
3 Jeremy Davies Calle Andersson 20 1 2 2
4 Nick Mattson Mike Reilly 10 1 2 2
PowerPlay Forward
Center Left Wing Right Wing Time % Phy DF OF
1 Frederik Gauthier Stefan Matteau J.T. Brown 60 1 2 2
2 Tanner Richard Andrew Mangiapane Hudson Fasching 40 1 2 2
PowerPlay Defense
Defense Defense Time % Phy DF OF
1 Nick Mattson Mike Reilly 60 1 2 2
2 Julius Honka Patrick Sieloff 40 1 2 2
Penalty Kill 4 Players Forward
Center Wing Time % Phy DF OF
1 Frederik Gauthier Stefan Matteau 60 1 2 2
2 Tanner Richard J.T. Brown 40 1 2 2
Penalty Kill 4 Players Defense
Defense Defense Time % Phy DF OF
1 Nick Mattson Mike Reilly 60 1 2 2
2 Julius Honka Patrick Sieloff 40 1 2 2
Penalty Kill - 3 Players Forward
Forward Time % Phy DF OF
1 Frederik Gauthier 60 1 2 2
2 Stefan Matteau 40 1 2 2
Penalty Kill - 3 Players Defense
Defense Defense Time % Phy DF OF
1 Nick Mattson Mike Reilly 60 1 2 2
2 Julius Honka Patrick Sieloff 40 1 2 2
4 vs 4 Forward
Center Wing Time % Phy DF OF
1 Frederik Gauthier Stefan Matteau 60 1 2 2
2 Tanner Richard J.T. Brown 40 1 2 2
4 vs 4 Defense
Defense Defense Time % Phy DF OF
1 Nick Mattson Mike Reilly 60 1 2 2
2 Julius Honka Patrick Sieloff 40 1 2 2
Last Minutes Offensive
Center Left Wing Right Wing Defense Defense
Frederik Gauthier Stefan Matteau J.T. Brown Nick Mattson Mike Reilly
Last Minutes Defensive
Center Left Wing Right Wing Defense Defense
Frederik Gauthier Stefan Matteau J.T. Brown Nick Mattson Mike Reilly
Goaltenders
Starting : Mark Visentin
Backup : Mackenzie Blackwood
Extra Forwards
Normal : Myles Bell, Mattias Janmark, Andrew Poturalski - PP : Myles Bell, Mattias Janmark - PK : Andrew Poturalski
Extra Defensemen
Normal : Jeremy Davies, Calle Andersson, Julius Honka - PP : Jeremy Davies - PK : Calle Andersson, Julius Honka
Penalty Shots
Frederik Gauthier, Stefan Matteau, Tanner Richard, J.T. Brown, Andrew Mangiapane
Scratches
Clark Bishop (Healthy), Kristian Reichel (Healthy), Duncan Siemens (Right Foot Injury), Kurtis Gabriel (Healthy), Ross Johnston (Healthy)
Zach Whitecloud (Healthy), Jackson Cates (Healthy), Mitchell Chaffee (Healthy), Michael Giugovaz (Healthy), Jack LaFontaine (Healthy)
Reign
5 vs 5 Forward
Center Left Wing Right Wing Time % Phy DF OF
1 Jack Roslovic Ryan Lomberg Mathew Barzal 30 1 2 2
2 Joel Eriksson Ek Jordan Greenway Adam Gaudette 25 1 2 2
3 Darroll Powe Jason Robertson Robert Thomas 25 1 2 2
4 Nick Suzuki Vladimir Tkachev Josh Anderson 20 1 2 2
5 vs 5 Defense
Defense Defense Time % Phy DF OF
1 Vladislav Gavrikov Thomas Chabot 30 1 2 2
2 Nikita Tryamkin Charlie McAvoy 30 1 2 2
3 Michael Anderson Nicolas Hague 30 1 2 2
4 Caleb Jones Henri Jokiharju 10 1 2 2
PowerPlay Forward
Center Left Wing Right Wing Time % Phy DF OF
1 Jack Roslovic Adam Gaudette Mathew Barzal 55 1 1 3
2 Nick Suzuki Jason Robertson Robert Thomas 45 1 1 3
PowerPlay Defense
Defense Defense Time % Phy DF OF
1 Nikita Tryamkin Thomas Chabot 70 0 2 3
2 Charlie McAvoy Michael Anderson 30 0 3 2
Penalty Kill 4 Players Forward
Center Wing Time % Phy DF OF
1 Darroll Powe Josh Anderson 60 1 2 2
2 Joel Eriksson Ek Ryan Lomberg 40 1 2 2
Penalty Kill 4 Players Defense
Defense Defense Time % Phy DF OF
1 Nicolas Hague Vladislav Gavrikov 60 1 2 2
2 Nikita Tryamkin Henri Jokiharju 40 1 2 2
Penalty Kill - 3 Players Forward
Forward Time % Phy DF OF
1 Joel Eriksson Ek 60 1 2 2
2 Darroll Powe 40 1 2 2
Penalty Kill - 3 Players Defense
Defense Defense Time % Phy DF OF
1 Nicolas Hague Vladislav Gavrikov 60 1 2 2
2 Nikita Tryamkin Henri Jokiharju 40 1 2 2
4 vs 4 Forward
Center Wing Time % Phy DF OF
1 Jack Roslovic Mathew Barzal 60 1 2 2
2 Nick Suzuki Adam Gaudette 40 1 2 2
4 vs 4 Defense
Defense Defense Time % Phy DF OF
1 Nikita Tryamkin Thomas Chabot 60 1 2 2
2 Vladislav Gavrikov Henri Jokiharju 40 1 2 2
Last Minutes Offensive
Center Left Wing Right Wing Defense Defense
Jack Roslovic Adam Gaudette Mathew Barzal Charlie McAvoy Thomas Chabot
Last Minutes Defensive
Center Left Wing Right Wing Defense Defense
Joel Eriksson Ek Adam Gaudette Josh Anderson Nicolas Hague Vladislav Gavrikov
Goaltenders
Starting : Eric Comrie
Backup : Cayden Primeau
Extra Forwards
Normal : Mathew Barzal, Jason Robertson, Jack Roslovic - PP : Ryan Lomberg, Jordan Greenway - PK : Jack Roslovic
Extra Defensemen
Normal : Charlie McAvoy, Nicolas Hague, Henri Jokiharju - PP : Charlie McAvoy - PK : Thomas Chabot, Charlie McAvoy
Penalty Shots
Nick Suzuki, Jack Roslovic, Adam Gaudette, Vladimir Tkachev, Jordan Greenway
Scratches
Kevin Fiala (Abdomen/Ribs Injury), Luca Sbisa (Separated Left Shoulder Injury), Tom Kuhnhackl (Healthy), Jakob Chychrun (Right Ankle Injury), Oscar Dansk (Healthy)
% Time on Ice - Icehogs
Lines # - Real PCT - Wanted PCT - Time Play
Normal Forward
1 - 35% - 40% - 15:47
2 - 27% - 30% - 12:22
3 - 24% - 20% - 10:54
4 - 14% - 10% - 6:24
Normal Defense
1 - 40% - 40% - 18:05
2 - 34% - 30% - 15:30
3 - 23% - 20% - 10:24
4 - 3% - 10% - 1:28
PP Forward
1 - 67% - 60% - 3:06
2 - 33% - 40% - 1:32
PP Defense
1 - 62% - 60% - 2:51
2 - 38% - 40% - 1:47
PK Forward
1 - 74% - 60% - 7:23
2 - 26% - 40% - 2:32
PK Defense
1 - 60% - 60% - 5:55
2 - 40% - 40% - 4:00
PK3 Forward
1 - 0% - 60%
2 - 0% - 40%
PK3 Defense
1 - 0% - 60%
2 - 0% - 40%
44 Forward
1 - 100% - 60% - 0:10
2 - 0% - 40% - 0:00
44 Defense
1 - 100% - 60% - 0:10
2 - 0% - 40% - 0:00
Last Minute Offensive - 0:00
Last Minute Defensive - 0:00
Total
Forward - 60:10
Defense - 60:10
|
% Time on Ice - Reign
Lines # - Real PCT - Wanted PCT - Time Play
Normal Forward
1 - 30% - 30% - 13:29
2 - 29% - 25% - 13:19
3 - 23% - 25% - 10:31
4 - 18% - 20% - 8:08
Normal Defense
1 - 29% - 30% - 13:20
2 - 28% - 30% - 12:56
3 - 28% - 30% - 12:57
4 - 14% - 10% - 6:14
PP Forward
1 - 51% - 55% - 5:03
2 - 49% - 45% - 4:52
PP Defense
1 - 57% - 70% - 5:37
2 - 43% - 30% - 4:18
PK Forward
1 - 76% - 60% - 3:31
2 - 24% - 40% - 1:07
PK Defense
1 - 74% - 60% - 3:25
2 - 26% - 40% - 1:13
PK3 Forward
1 - 0% - 60%
2 - 0% - 40%
PK3 Defense
1 - 0% - 60%
2 - 0% - 40%
44 Forward
1 - 100% - 60% - 0:10
2 - 0% - 40% - 0:00
44 Defense
1 - 100% - 60% - 0:10
2 - 0% - 40% - 0:00
Last Minute Offensive - 0:00
Last Minute Defensive - 0:00
Total
Forward - 60:10
Defense - 60:10
|
Play-by-Play
1st period
0:01 of 1st period - Jack Roslovic wins face-off versus Stefan Matteau in neutral zone.
0:34 of 1st period - Vladislav Gavrikov is hit by Patrick Sieloff and loses puck.
1:11 of 1st period - Wrist shot by Jason Robertson.
1:11 of 1st period - Stopped by Mark Visentin without a rebound.
1:12 of 1st period - Dillon Dube wins face-off versus Nick Suzuki in Icehogs zone.
1:17 of 1st period - Wrist shot by Nick Suzuki.
1:17 of 1st period - Stopped by Mark Visentin with a rebound.
1:19 of 1st period - Slapshot by Nikita Tryamkin.
1:19 of 1st period - Shot Blocked by Calle Andersson.
1:44 of 1st period - Nikita Tryamkin is hit by Stefan Matteau and loses puck.
2:01 of 1st period - Michael Anderson is hit by Tanner Richard and loses puck.
2:41 of 1st period - Off-side.
2:42 of 1st period - Nick Suzuki wins face-off versus Dillon Dube in neutral zone.
2:57 of 1st period - Snap shot by Nick Suzuki.
2:57 of 1st period - Stopped by Mark Visentin with a rebound.
3:31 of 1st period - Snap shot by Stefan Matteau.
3:31 of 1st period - Shot Misses the Net.
3:33 of 1st period - Snap shot by Mike Reilly.
3:33 of 1st period - Shot Blocked by Nikita Tryamkin.
3:35 of 1st period - Wrist shot by Frederik Gauthier.
3:35 of 1st period - Shot Blocked by Charlie McAvoy.
3:49 of 1st period - Snap shot by Andrew Mangiapane.
3:49 of 1st period - Shot Blocked by Nikita Tryamkin.
3:55 of 1st period - Snap shot by Andrew Mangiapane.
3:55 of 1st period - Deflect By Hudson Fasching.
3:55 of 1st period - Shot Blocked by Charlie McAvoy.
3:55 of 1st period - Puck is out of play.
3:56 of 1st period - Tanner Richard wins face-off versus Darroll Powe in Reign zone.
4:11 of 1st period - Snap shot by Darroll Powe.
4:11 of 1st period - Shot Blocked by Calle Andersson.
4:17 of 1st period - Minor Penalty to Tanner Richard for Interference.
4:18 of 1st period - Frederik Gauthier wins face-off versus Jack Roslovic in Icehogs zone.
6:17 of 1st period - Penalty to Tanner Richard is over, Tanner Richard is back on ice.
6:48 of 1st period - Adam Gaudette is hit by Michael Chaput and loses puck.
6:53 of 1st period - Snap shot by Michael Chaput.
6:53 of 1st period - Deflect By Adam Gaudette.
6:53 of 1st period - Shot Blocked by Joel Eriksson Ek.
6:53 of 1st period - Puck is out of play.
6:54 of 1st period - Jack Roslovic wins face-off versus Michael Chaput in Reign zone.
7:48 of 1st period - Slapshot by Dillon Dube.
7:48 of 1st period - Stopped by Eric Comrie without a rebound.
7:49 of 1st period - Mathew Barzal wins face-off versus Frederik Gauthier in Reign zone.
8:06 of 1st period - Icing by Frederik Gauthier.
8:07 of 1st period - Darroll Powe wins face-off versus Frederik Gauthier in Icehogs zone.
8:12 of 1st period - Wrist shot by Darroll Powe.
8:12 of 1st period - Stopped by Mark Visentin with a rebound.
8:36 of 1st period - Backhand shot by Frederik Gauthier.
8:36 of 1st period - Stopped by Eric Comrie without a rebound.
8:37 of 1st period - Jack Roslovic wins face-off versus Tanner Richard in Reign zone.
8:39 of 1st period - Minor Penalty to Ryan Lomberg for Hooking.
8:40 of 1st period - Frederik Gauthier wins face-off versus Darroll Powe in Reign zone.
8:48 of 1st period - Snap shot by Frederik Gauthier.
8:48 of 1st period - Shot Misses the Net.
8:50 of 1st period - Slapshot by Frederik Gauthier.
8:50 of 1st period - Stopped by Eric Comrie without a rebound.
8:51 of 1st period - Darroll Powe wins face-off versus Frederik Gauthier in Reign zone.
10:39 of 1st period - Penalty to Ryan Lomberg is over, Ryan Lomberg is back on ice.
10:46 of 1st period - Wrist shot by Ryan Lomberg.
10:46 of 1st period - Stopped by Mark Visentin without a rebound.
10:47 of 1st period - Jack Roslovic wins face-off versus Michael Chaput in Icehogs zone.
10:52 of 1st period - Snap shot by Jack Roslovic.
10:52 of 1st period - Goal by Jack Roslovic - Icehogs : 0 - Reign : 1.
10:53 of 1st period - Frederik Gauthier wins face-off versus Ryan Lomberg in neutral zone.
11:06 of 1st period - Snap shot by Jack Roslovic.
11:06 of 1st period - Goal by Jack Roslovic - Icehogs : 0 - Reign : 2.
11:07 of 1st period - Frederik Gauthier wins face-off versus Joel Eriksson Ek in neutral zone.
11:14 of 1st period - Slapshot by Frederik Gauthier.
11:14 of 1st period - Stopped by Eric Comrie with a rebound.
11:16 of 1st period - Snap shot by Stefan Matteau.
11:16 of 1st period - Shot Misses the Net.
11:18 of 1st period - Snap shot by Frederik Gauthier.
11:18 of 1st period - Shot Misses the Net.
11:20 of 1st period - Slapshot by Mike Reilly.
11:20 of 1st period - Stopped by Eric Comrie with a rebound.
11:42 of 1st period - Andrew Mangiapane is hit by Jack Roslovic.
11:57 of 1st period - Minor Penalty to Michael Anderson for High sticking.
11:58 of 1st period - Darroll Powe wins face-off versus Frederik Gauthier in Reign zone.
12:03 of 1st period - Icing by J.T. Brown.
12:04 of 1st period - Darroll Powe wins face-off versus J.T. Brown in Icehogs zone.
12:15 of 1st period - Snap shot by Stefan Matteau.
12:15 of 1st period - Stopped by Eric Comrie without a rebound.
12:16 of 1st period - Darroll Powe wins face-off versus Stefan Matteau in Reign zone.
12:29 of 1st period - Slapshot by Mike Reilly.
12:29 of 1st period - Stopped by Eric Comrie with a rebound.
12:31 of 1st period - Slapshot by J.T. Brown.
12:31 of 1st period - Stopped by Eric Comrie with a rebound.
12:33 of 1st period - Snap shot by Stefan Matteau.
12:33 of 1st period - Stopped by Eric Comrie without a rebound.
12:34 of 1st period - Tanner Richard wins face-off versus Darroll Powe in Reign zone.
12:37 of 1st period - Snap shot by Hudson Fasching.
12:37 of 1st period - Stopped by Eric Comrie without a rebound.
12:38 of 1st period - Tanner Richard wins face-off versus Darroll Powe in Reign zone.
12:39 of 1st period - Snap shot by Hudson Fasching.
12:39 of 1st period - Deflect By Tanner Richard.
12:39 of 1st period - Stopped by Eric Comrie without a rebound.
12:40 of 1st period - Andrew Mangiapane wins face-off versus Darroll Powe in Reign zone.
12:51 of 1st period - Darroll Powe is hit by Andrew Mangiapane and loses puck.
13:57 of 1st period - Penalty to Michael Anderson is over, Michael Anderson is back on ice.
14:12 of 1st period - Icing by Nikita Scherbak.
14:13 of 1st period - Michael Chaput wins face-off versus Jack Roslovic in Icehogs zone.
14:38 of 1st period - Slapshot by Andrew Mangiapane.
14:38 of 1st period - Stopped by Eric Comrie without a rebound.
14:39 of 1st period - Tanner Richard wins face-off versus Darroll Powe in Reign zone.
14:44 of 1st period - Wrist shot by Andrew Mangiapane.
14:44 of 1st period - Shot Misses the Net.
14:46 of 1st period - Slapshot by Mike Reilly.
14:46 of 1st period - Stopped by Eric Comrie without a rebound.
14:47 of 1st period - Jack Roslovic wins face-off versus Frederik Gauthier in Reign zone.
14:56 of 1st period - Off-side.
14:57 of 1st period - Frederik Gauthier wins face-off versus Jack Roslovic in neutral zone.
15:08 of 1st period - Snap shot by Frederik Gauthier.
15:08 of 1st period - Shot Blocked by Michael Anderson.
15:10 of 1st period - Slapshot by J.T. Brown.
15:10 of 1st period - Stopped by Eric Comrie without a rebound.
15:11 of 1st period - Joel Eriksson Ek wins face-off versus Frederik Gauthier in Reign zone.
15:36 of 1st period - Nick Mattson is hit by Nicolas Hague.
16:08 of 1st period - Slapshot by Vladimir Tkachev.
16:08 of 1st period - Stopped by Mark Visentin without a rebound.
16:09 of 1st period - Frederik Gauthier wins face-off versus Jack Roslovic in Icehogs zone.
16:09 of 1st period - Frederik Gauthier is hit by Vladislav Gavrikov.
16:17 of 1st period - Wrist shot by Stefan Matteau.
16:17 of 1st period - Stopped by Eric Comrie without a rebound.
16:18 of 1st period - Jack Roslovic wins face-off versus Stefan Matteau in Reign zone.
16:32 of 1st period - Ryan Lomberg is hit by Stefan Matteau and loses puck.
16:39 of 1st period - Wrist shot by Frederik Gauthier.
16:39 of 1st period - Shot Misses the Net.
16:41 of 1st period - Slapshot by Nick Mattson.
16:41 of 1st period - Deflect By Mathew Barzal.
16:41 of 1st period - Stopped by Eric Comrie with a rebound.
16:43 of 1st period - Slapshot by J.T. Brown.
16:43 of 1st period - Stopped by Eric Comrie without a rebound.
16:44 of 1st period - Tanner Richard wins face-off versus Joel Eriksson Ek in Reign zone.
16:53 of 1st period - Julius Honka is hit by Jordan Greenway and loses puck.
17:42 of 1st period - Darroll Powe is hit by Frederik Gauthier and loses puck.
18:16 of 1st period - Thomas Chabot is hit by Nick Mattson and loses puck.
18:25 of 1st period - Slapshot by Thomas Chabot.
18:25 of 1st period - Stopped by Mark Visentin with a rebound.
19:01 of 1st period - Slapshot by Darroll Powe.
19:01 of 1st period - Shot Misses the Net.
19:15 of 1st period - Snap shot by Michael Chaput.
19:15 of 1st period - Shot Misses the Net.
19:21 of 1st period - Michael Chaput is hit by Jack Roslovic and loses puck.
19:34 of 1st period - Backhand shot by Adam Gaudette.
19:34 of 1st period - Stopped by Mark Visentin with a rebound.
19:36 of 1st period - Slapshot by Vladislav Gavrikov.
19:36 of 1st period - Shot Misses the Net.
19:38 of 1st period - Snap shot by Joel Eriksson Ek.
19:38 of 1st period - Shot Misses the Net.
19:40 of 1st period - Slapshot by Adam Gaudette.
19:40 of 1st period - Stopped by Mark Visentin with a rebound.
19:42 of 1st period - Slapshot by Joel Eriksson Ek.
19:42 of 1st period - Deflect By Adam Gaudette.
19:42 of 1st period - Stopped by Mark Visentin with a rebound.
Goals for this period are 0 for Icehogs vs 2 for Reign.
Shots for this period are 17 for Icehogs vs 12 for Reign.
2nd period
0:01 of 2nd period - Frederik Gauthier wins face-off versus Darroll Powe in neutral zone.
0:50 of 2nd period - Snap shot by Andrew Mangiapane.
0:50 of 2nd period - Stopped by Eric Comrie with a rebound.
0:52 of 2nd period - Snap shot by Andrew Mangiapane.
0:52 of 2nd period - Stopped by Eric Comrie with a rebound.
1:31 of 2nd period - Icing by Julius Honka.
1:32 of 2nd period - Nick Suzuki wins face-off versus Frederik Gauthier in Icehogs zone.
2:07 of 2nd period - Wrist shot by Frederik Gauthier.
2:07 of 2nd period - Shot Misses the Net.
2:09 of 2nd period - Slapshot by Julius Honka.
2:09 of 2nd period - Stopped by Eric Comrie with a rebound.
2:11 of 2nd period - Slapshot by Frederik Gauthier.
2:11 of 2nd period - Shot Hit the Post.
2:13 of 2nd period - Snap shot by J.T. Brown.
2:13 of 2nd period - Deflect By Frederik Gauthier.
2:13 of 2nd period - Shot Misses the Net.
2:13 of 2nd period - Puck is out of play.
2:14 of 2nd period - Tanner Richard wins face-off versus Jack Roslovic in Reign zone.
2:47 of 2nd period - Wrist shot by Jordan Greenway.
2:47 of 2nd period - Stopped by Mark Visentin without a rebound.
2:48 of 2nd period - Frederik Gauthier wins face-off versus Darroll Powe in Icehogs zone.
2:53 of 2nd period - J.T. Brown is hit by Darroll Powe and loses puck.
2:58 of 2nd period - Wrist shot by Darroll Powe.
2:58 of 2nd period - Shot Blocked by J.T. Brown.
3:02 of 2nd period - Wrist shot by Robert Thomas.
3:02 of 2nd period - Shot Misses the Net.
3:04 of 2nd period - Slapshot by Nicolas Hague.
3:04 of 2nd period - Stopped by Mark Visentin with a rebound.
3:14 of 2nd period - Mike Reilly is hit by Joel Eriksson Ek and loses puck.
3:39 of 2nd period - Nick Mattson is hit by Josh Anderson and loses puck.
3:46 of 2nd period - Slapshot by Thomas Chabot.
3:46 of 2nd period - Stopped by Mark Visentin with a rebound.
3:48 of 2nd period - Wrist shot by Nick Suzuki.
3:48 of 2nd period - Shot Misses the Net.
3:50 of 2nd period - Snap shot by Vladimir Tkachev.
3:50 of 2nd period - Shot Misses the Net.
4:12 of 2nd period - Slapshot by Tanner Richard.
4:12 of 2nd period - Stopped by Eric Comrie with a rebound.
4:44 of 2nd period - Snap shot by Patrick Sieloff.
4:44 of 2nd period - Stopped by Eric Comrie with a rebound.
5:04 of 2nd period - Julius Honka is hit by Josh Anderson and loses puck.
5:34 of 2nd period - Snap shot by Darroll Powe.
5:34 of 2nd period - Stopped by Mark Visentin without a rebound.
5:35 of 2nd period - Tanner Richard wins face-off versus Darroll Powe in Icehogs zone.
6:53 of 2nd period - Vladislav Gavrikov is hit by Mike Reilly and loses puck.
7:12 of 2nd period - Backhand shot by Darroll Powe.
7:12 of 2nd period - Shot Misses the Net.
7:30 of 2nd period - Slapshot by Patrick Sieloff.
7:30 of 2nd period - Deflect By Michael Chaput.
7:30 of 2nd period - Shot Misses the Net.
7:30 of 2nd period - Puck is out of play.
7:31 of 2nd period - Michael Chaput wins face-off versus Jack Roslovic in Reign zone.
7:38 of 2nd period - Thomas Chabot is hit by Michael Chaput and loses puck.
8:38 of 2nd period - Mikhail Grigorenko is hit by Jack Roslovic and loses puck.
9:04 of 2nd period - Minor Penalty to Nikita Scherbak for Holding.
9:05 of 2nd period - Frederik Gauthier wins face-off versus Nick Suzuki in Icehogs zone.
10:57 of 2nd period - Icing by Nikita Tryamkin.
10:58 of 2nd period - Tanner Richard wins face-off versus Jack Roslovic in Reign zone.
11:04 of 2nd period - Penalty to Nikita Scherbak is over, Nikita Scherbak is back on ice.
11:39 of 2nd period - Jeremy Davies is hit by Nick Suzuki and loses puck.
11:56 of 2nd period - Wrist shot by Mikhail Grigorenko.
11:56 of 2nd period - Stopped by Eric Comrie with a rebound.
12:00 of 2nd period - Snap shot by Mikhail Grigorenko.
12:00 of 2nd period - Stopped by Eric Comrie with a rebound.
12:02 of 2nd period - Snap shot by Mikhail Grigorenko.
12:02 of 2nd period - Stopped by Eric Comrie without a rebound.
12:03 of 2nd period - Joel Eriksson Ek wins face-off versus Frederik Gauthier in Reign zone.
12:32 of 2nd period - Wrist shot by Hudson Fasching.
12:32 of 2nd period - Stopped by Eric Comrie without a rebound.
12:33 of 2nd period - Darroll Powe wins face-off versus Tanner Richard in Reign zone.
13:23 of 2nd period - Penalty Shot by Mike Reilly for Icehogs.
13:23 of 2nd period - Snap shot by Mike Reilly.
13:23 of 2nd period - Stopped by Eric Comrie.
13:24 of 2nd period - Darroll Powe wins face-off versus Tanner Richard in Icehogs zone.
13:38 of 2nd period - Snap shot by Darroll Powe.
13:38 of 2nd period - Stopped by Mark Visentin with a rebound.
13:56 of 2nd period - Off-side.
13:57 of 2nd period - Frederik Gauthier wins face-off versus Joel Eriksson Ek in neutral zone.
14:53 of 2nd period - Wrist shot by Stefan Matteau.
14:53 of 2nd period - Shot Blocked by Joel Eriksson Ek.
15:01 of 2nd period - Wrist shot by J.T. Brown.
15:01 of 2nd period - Stopped by Eric Comrie without a rebound.
15:02 of 2nd period - Darroll Powe wins face-off versus Tanner Richard in Reign zone.
15:48 of 2nd period - Snap shot by Nick Suzuki.
15:48 of 2nd period - Stopped by Mark Visentin with a rebound.
16:11 of 2nd period - Mike Reilly is hit by Nikita Tryamkin and loses puck.
16:41 of 2nd period - Snap shot by Mathew Barzal.
16:41 of 2nd period - Stopped by Mark Visentin without a rebound.
16:42 of 2nd period - Frederik Gauthier wins face-off versus Nick Suzuki in Icehogs zone.
17:15 of 2nd period - Wrist shot by Hudson Fasching.
17:15 of 2nd period - Stopped by Eric Comrie without a rebound.
17:16 of 2nd period - Tanner Richard wins face-off versus Darroll Powe in Reign zone.
17:29 of 2nd period - Snap shot by Thomas Chabot.
17:29 of 2nd period - Shot Misses the Net.
17:31 of 2nd period - Slapshot by Jason Robertson.
17:31 of 2nd period - Stopped by Mark Visentin with a rebound.
17:45 of 2nd period - Snap shot by Jack Roslovic.
17:45 of 2nd period - Shot Misses the Net.
18:03 of 2nd period - Michael Chaput is hit by Jordan Greenway and loses puck.
18:08 of 2nd period - Wrist shot by Joel Eriksson Ek.
18:08 of 2nd period - Stopped by Mark Visentin without a rebound.
18:09 of 2nd period - Darroll Powe wins face-off versus Tanner Richard in Icehogs zone.
18:18 of 2nd period - Nick Mattson is hit by Nicolas Hague and loses puck.
18:39 of 2nd period - Slapshot by Jack Roslovic.
18:39 of 2nd period - Stopped by Mark Visentin without a rebound.
18:40 of 2nd period - Frederik Gauthier wins face-off versus Jack Roslovic in Icehogs zone.
18:46 of 2nd period - Icing by Stefan Matteau.
18:47 of 2nd period - Frederik Gauthier wins face-off versus Darroll Powe in Icehogs zone.
19:02 of 2nd period - Wrist shot by Darroll Powe.
19:02 of 2nd period - Shot Blocked by Patrick Sieloff.
19:45 of 2nd period - Wrist shot by Mikhail Grigorenko.
19:45 of 2nd period - Goal by Mikhail Grigorenko - Icehogs : 1 - Reign : 2.
19:46 of 2nd period - Vladimir Tkachev wins face-off versus Frederik Gauthier in neutral zone.
Goals for this period are 1 for Icehogs vs 0 for Reign.
Shots for this period are 12 for Icehogs vs 10 for Reign.
3rd period
0:01 of 3rd period - Darroll Powe wins face-off versus J.T. Brown in neutral zone.
0:52 of 3rd period - Mike Reilly is hit by Jordan Greenway and loses puck.
1:55 of 3rd period - Wrist shot by Ryan Lomberg.
1:55 of 3rd period - Shot Misses the Net.
2:52 of 3rd period - Julius Honka is hit by Jason Robertson and loses puck.
2:58 of 3rd period - Minor Penalty to Robert Thomas for Holding.
2:59 of 3rd period - Darroll Powe wins face-off versus Frederik Gauthier in Reign zone.
3:14 of 3rd period - Icing by Mike Reilly.
3:15 of 3rd period - Frederik Gauthier wins face-off versus Darroll Powe in Icehogs zone.
3:38 of 3rd period - Slapshot by Stefan Matteau.
3:38 of 3rd period - Goal by Stefan Matteau - Icehogs : 2 - Reign : 2.
3:39 of 3rd period - Frederik Gauthier wins face-off versus Jack Roslovic in neutral zone.
3:44 of 3rd period - Wrist shot by Frederik Gauthier.
3:44 of 3rd period - Shot Blocked by Jack Roslovic.
3:50 of 3rd period - Snap shot by Mathew Barzal.
3:50 of 3rd period - Shot Blocked by Mike Reilly.
4:00 of 3rd period - Minor Penalty to Mike Reilly for Tripping.
4:01 of 3rd period - Frederik Gauthier wins face-off versus Jack Roslovic in Icehogs zone.
4:01 of 3rd period - Frederik Gauthier is hit by Jack Roslovic.
6:00 of 3rd period - Penalty to Mike Reilly is over, Mike Reilly is back on ice.
6:12 of 3rd period - Julius Honka is hit by Vladimir Tkachev and loses puck.
6:43 of 3rd period - Slapshot by Tanner Richard.
6:43 of 3rd period - Shot Misses the Net.
8:31 of 3rd period - Snap shot by Hudson Fasching.
8:31 of 3rd period - Stopped by Eric Comrie with a rebound.
8:33 of 3rd period - Wrist shot by Hudson Fasching.
8:33 of 3rd period - Shot Blocked by Henri Jokiharju.
8:53 of 3rd period - Slapshot by Jordan Greenway.
8:53 of 3rd period - Stopped by Mark Visentin without a rebound.
8:54 of 3rd period - Joel Eriksson Ek wins face-off versus Michael Chaput in Icehogs zone.
9:46 of 3rd period - Slapshot by Stefan Matteau.
9:46 of 3rd period - Goal by Stefan Matteau - Icehogs : 3 - Reign : 2.
9:47 of 3rd period - Frederik Gauthier wins face-off versus Jack Roslovic in neutral zone.
10:40 of 3rd period - Wrist shot by Adam Gaudette.
10:40 of 3rd period - Stopped by Mark Visentin without a rebound.
10:41 of 3rd period - J.T. Brown wins face-off versus Jack Roslovic in Icehogs zone.
11:18 of 3rd period - Tanner Richard is hit by Darroll Powe and loses puck.
11:44 of 3rd period - Wrist shot by Adam Gaudette.
11:44 of 3rd period - Shot Misses the Net.
12:28 of 3rd period - Wrist shot by Mathew Barzal.
12:28 of 3rd period - Shot Misses the Net.
12:30 of 3rd period - Wrist shot by Mathew Barzal.
12:30 of 3rd period - Deflect By Ryan Lomberg.
12:30 of 3rd period - Goal by Ryan Lomberg - Icehogs : 3 - Reign : 3.
12:31 of 3rd period - Mathew Barzal wins face-off versus Frederik Gauthier in neutral zone.
12:43 of 3rd period - Off-side.
12:44 of 3rd period - Frederik Gauthier wins face-off versus Jack Roslovic in neutral zone.
13:02 of 3rd period - Minor Penalty to Stefan Matteau for Hooking.
13:03 of 3rd period - Frederik Gauthier wins face-off versus Jack Roslovic in Icehogs zone.
15:02 of 3rd period - Penalty to Stefan Matteau is over, Stefan Matteau is back on ice.
15:10 of 3rd period - Stefan Matteau is hit by Jordan Greenway and loses puck.
15:20 of 3rd period - Minor Penalty to Calle Andersson for Tripping.
15:21 of 3rd period - Frederik Gauthier wins face-off versus Nick Suzuki in Icehogs zone.
15:21 of 3rd period - Frederik Gauthier is hit by Robert Thomas.
15:40 of 3rd period - Charlie McAvoy is hit by Tanner Richard and loses puck.
17:20 of 3rd period - Penalty to Calle Andersson is over, Calle Andersson is back on ice.
18:04 of 3rd period - Nikita Tryamkin is hit by Hudson Fasching and loses puck.
18:58 of 3rd period - Wrist shot by Michael Chaput.
18:58 of 3rd period - Shot Misses the Net.
19:44 of 3rd period - Michael Anderson is hit by Andrew Poturalski and loses puck.
Goals for this period are 2 for Icehogs vs 1 for Reign.
Shots for this period are 3 for Icehogs vs 3 for Reign.
Overtime #1
0:01 of 1st overtime period - Frederik Gauthier wins face-off versus Jack Roslovic in neutral zone.
0:10 of 1st overtime period - Slapshot by Frederik Gauthier.
0:10 of 1st overtime period - Goal by Frederik Gauthier - Icehogs : 4 - Reign : 3.
Goals for this period are 1 for Icehogs vs 0 for Reign.
Shots for this period are 1 for Icehogs vs 0 for Reign.